 Dungeon Crawl Stone Soup version 0.17-a0-2027-gcac42c4 (webtiles) character file.

49 graki42 the Insei (level 3, -1/31 HPs)
             Began as a Naga Transmuter on Oct 10, 2015.
             Slain by a worm (8 damage)
             ... on level 2 of the Dungeon.
             The game lasted 00:06:52 (2437 turns).

graki42 the Insei (Naga Transmuter)                 Turns: 2437, Time: 00:06:52

Health: -1/31      AC:  6    Str: 12    XL:     3   Next: 77%
Magic:  4/6        EV:  8    Int: 13    God:
Gold:   25         SH:  0    Dex: 12    Spells: 1 memorised, 6 levels left

rFire  . . .     SeeInvis +       - Unarmed
rCold  . . .     Clarity  .     b - +0 robe
rNeg   + . .     SustAt   .     (no shield)
rPois  +         Gourm    .     (no helmet)
rElec  .         Spirit   .     (no cloak)
rCorr  .         Warding  .     (no gloves)
rMut   .         Stasis   .     o - +0 naga barding
MR     .....                    (no amulet)
Stlth  +.........               (no ring)
                                g - ring of positive energy

@: very slow, not resistant to hostile enchantments, very unstealthy
A: see invisible, deformed body, poison resistance, slowness 2, slow metabolism
1, spit poison 2, AC +1
a: Spit Poison


You were on level 2 of the Dungeon.
You were not hungry.

You visited 1 branch of the dungeon, and saw 2 of its levels.

You collected 25 gold pieces.

Inventory:

Missiles
 a - 21 arrows
 h - 5 poisoned tomahawks (quivered)
Armour
 b - a +0 robe (worn)
 o - a +0 naga barding (worn)
Jewellery
 g - a ring of positive energy (left hand)
Scrolls
 i - a scroll of teleportation {unknown}
 k - a scroll of identify {unknown}
 l - 2 scrolls of remove curse {unknown}
 n - a scroll of magic mapping {unknown}
Potions
 d - a potion of ambrosia {unknown}
 e - a potion of curing {unknown}
 j - a potion of agility {unknown}
 m - a potion of heal wounds {unknown}
Books
 c - a book of Changes

   Spells                             Type                      Level
   a - Beastly Appendage              Transmutation                1
   b - Sticks to Snakes               Transmutation                2
   c - Spider Form                    Transmutation/Poison         3
   d - Ice Form                       Ice/Transmutation            4
   e - Blade Hands                    Transmutation                5
Comestibles
 f - 2 meat rations


   Skills:
 + Level 1.1 Fighting
 + Level 2.3 Dodging
 + Level 0.4 Stealth
 + Level 3.3 Unarmed Combat
 + Level 2.6 Spellcasting
 + Level 2.2 Transmutations


You had 6 spell levels left.
You knew the following spells:

 Your Spells              Type           Power        Failure   Level  Hunger
a - Beastly Appendage     Trmt           #.....       12%         1    #......


Dungeon Overview and Level Annotations

Branches:
Dungeon (2/15)

Altars:


Innate Abilities, Weirdness & Mutations

You cannot wear boots.
Your serpentine skin is tough (AC +1).
You have supernaturally acute eyesight.
Armour fits poorly on your strangely shaped body.
Your system is resistant to poisons.
You cover ground very slowly.
You have a slow metabolism.
You can spit poison.


Message History

You hit the worm.
The worm is heavily wounded.
The worm bites you but does no damage.
You hit the worm.
The worm is severely wounded.
You barely miss the worm. You punch the worm.
The worm is severely wounded.
Your transformation is almost over.
The worm bites you. The worm bites you!
You hit the worm but do no damage. Your headbutt misses the worm.
The worm is severely wounded.
The worm bites you!
* * * LOW HITPOINT WARNING * * *
You hit the worm.
The worm is almost dead.
The worm bites you but does no damage.
You see here a ring mail.
Your horns disappear.
The worm bites you!
You die...

##..........#
...........%##
#..........# #.)....#
##......# #.......#
#.w...### #.w...#
#..@..# #.....# .#
#.....# #.#
##########.....# #.#
#....(..##.....# #.#
#..............#####.#
#....................#
#).......)...(.......#
#............).......#


You could see 2 worms.

Vanquished Creatures
  An adder (D:2)
  3 giant geckos (D:1)
  2 giant cockroaches
  9 hobgoblins
  4 kobolds
  2 ball pythons
  2 bats (D:1)
  3 giant newts (D:1)
  4 goblins (D:1)
  5 rats
35 creatures vanquished.

Notes
Turn   | Place    | Note
--------------------------------------------------------------
     0 | D:1      | graki42 the Naga Transmuter began the quest for the Orb.
     0 | D:1      | Reached XP level 1. HP: 18/18 MP: 3/3
   194 | D:1      | Reached XP level 2. HP: 23/25 MP: 0/5
  1088 | D:1      | Reached XP level 3. HP: 29/31 MP: 4/6
  2437 | D:2      | Slain by a worm

Vault maps used:
D:1:      dpeg_arrival_lava_temple_mockup
D:2:      led_sif_pool, nicolae_gozag_seed_capital

Action                   || total
-------------------------++-------
Melee: Unarmed           ||   162
Throw: Tomahawk          ||     3
 Cast: Beastly Appendage ||    31
 Stab: Sleeping          ||     1
  Eat: Bread ration      ||     1
       Chunk             ||     1
